[ PARTIDA AOE2 · #474774976 ]
UnrankedPolacos vs Franks
[ ANÁLISIS DE REPETICIÓN · EXTRAÍDO DE LA PARTIDA GRABADA ]
Feudal
11:04
Castillos
16:25
Imperial
32:40
| APM promedio | 17.3 |
| APM pico | 43 |
| eAPM promedio | 11.9 |
| Aldeanos / militares | 121 / 100 |
Foco
⚔️ 23.0% · 🌾 77.0%
Knight ×93 · Monk ×5 · Trebuchet (Packed) ×2
Feudal
11:52
Castillos
15:23
Imperial
31:02
| APM promedio | 30.1 |
| APM pico | 83 |
| eAPM promedio | 16.9 |
| Aldeanos / militares | 144 / 261 |
Foco
⚔️ 29.9% · 🌾 70.1%
Spearman ×121 · Camel Scout ×55 · Skirmisher ×54 · Hand Cannoneer ×25 · Monk ×5 · Bombard Cannon ×1
Feudal
11:18
Castillos
14:59
Imperial
30:15
| APM promedio | 27.7 |
| APM pico | 79 |
| eAPM promedio | 16.4 |
| Aldeanos / militares | 141 / 202 |
Foco
⚔️ 30.6% · 🌾 69.4%
Knight ×102 · Spearman ×95 · Bombard Cannon ×4 · Monk ×1
Feudal
12:05
Castillos
20:19
Imperial
—
| APM promedio | 29.0 |
| APM pico | 82 |
| eAPM promedio | 11.3 |
| Aldeanos / militares | 117 / 83 |
Foco
⚔️ 22.5% · 🌾 77.5%
Conquistador ×48 · Archer ×23 · Spearman ×7 · Battering Ram ×5
Feudal
9:45
Castillos
13:16
Imperial
28:15
| APM promedio | 31.3 |
| APM pico | 66 |
| eAPM promedio | 18.5 |
| Aldeanos / militares | 172 / 172 |
Foco
⚔️ 29.3% · 🌾 70.7%
Knight ×156 · Battering Ram ×11 · Trebuchet (Packed) ×4 · Monk ×1
Feudal
11:42
Castillos
15:41
Imperial
33:37
| APM promedio | 31.5 |
| APM pico | 74 |
| eAPM promedio | 17.4 |
| Aldeanos / militares | 133 / 250 |
Foco
⚔️ 24.2% · 🌾 75.8%
Camel Scout ×119 · Shrivamsha Rider ×85 · Elephant Archer ×41 · Trebuchet (Packed) ×3 · Monk ×2
Feudal
11:00
Castillos
14:36
Imperial
31:19
| APM promedio | 34.8 |
| APM pico | 70 |
| eAPM promedio | 22.3 |
| Aldeanos / militares | 157 / 151 |
Foco
⚔️ 40.9% · 🌾 59.1%
Longbowman ×98 · Spearman ×50 · Monk ×2 · Mangonel ×1
Feudal
10:35
Castillos
14:06
Imperial
31:20
| APM promedio | 38.4 |
| APM pico | 71 |
| eAPM promedio | 20.4 |
| Aldeanos / militares | 135 / 98 |
Foco
⚔️ 34.0% · 🌾 66.0%
Mangudai ×90 · Monk ×5 · Battering Ram ×3
Mapa de la partida
Recursos iniciales + cada clic de construcción. Líneas = muros · curvas = relieve. ◆ oro · ⬟ piedra · ● bayas · ✦ reliquia · ◌ hueco del cierre
Tu base· ✓ Cerrada en 16:25 · 0t muro · 4 puerta(s)
Base de Fıstıkçı Şahap· ✓ Cerrada en 15:23 · 0t muro · 3 puerta(s)
Base de 鸡你泰美· ✓ Cerrada en 14:59 · 0t muro · 3 puerta(s)
Base de aerogel· ✓ Cerrada en 20:19 · 0t muro · 2 puerta(s)
Base de 九思· ✓ Cerrada en 13:16 · 0t muro · 2 puerta(s)
Base de Dumbhill· ✓ Cerrada en 15:41 · 0t muro · 2 puerta(s)
Base de 优雅猫· ✓ Cerrada en 14:36 · 0t muro · 2 puerta(s)
Base de 传奇耐电王汤恩伯· ✓ Cerrada en 14:06 · 0t muro · 3 puerta(s)
Terreno inicial suavizado · ◌ = hueco del cierre detectado · pasá el cursor para detalles
Inputs por minuto
— onurC - - Fıstıkçı Şahap
Build order — onurC
Primeras 150 de 252 acciones detectadas
| 0:01 | Encolar | Villager (Male) |
| 0:02 | Encolar | Villager (Male) |
| 0:03 | Construir | House |
| 0:05 | Construir | House |
| 0:33 | Encolar | Villager (Male) |
| 0:45 | Encolar | Villager (Male) |
| 0:45 | Encolar | Villager (Male) |
| 1:37 | Encolar | Villager (Male) |
| 1:37 | Encolar | Villager (Male) |
| 1:52 | Construir | Lumber Camp |
| 2:08 | Encolar | Villager (Male) |
| 2:08 | Encolar | Villager (Male) |
| 2:09 | Encolar | Villager (Male) |
| 2:09 | Encolar | Villager (Male) |
| 2:39 | Encolar | Villager (Male) |
| 3:16 | Encolar | Villager (Male) |
| 3:24 | Construir | House |
| 3:54 | Encolar | Villager (Male) |
| 3:54 | Encolar | Villager (Male) |
| 4:04 | Construir | Mill |
| 4:10 | Encolar | Villager (Male) |
| 4:19 | Encolar | Villager (Male) |
| 4:19 | Encolar | Villager (Male) |
| 4:51 | Encolar | Villager (Male) |
| 4:52 | Encolar | Villager (Male) |
| 5:37 | Encolar | Villager (Male) |
| 5:58 | Encolar | Villager (Male) |
| 5:58 | Encolar | Villager (Male) |
| 5:58 | Encolar | Villager (Male) |
| 5:59 | Encolar | Villager (Male) |
| 6:04 | Construir | Lumber Camp |
| 6:43 | Encolar | Villager (Male) |
| 6:43 | Encolar | Villager (Male) |
| 7:26 | Encolar | Villager (Male) |
| 7:28 | Investigar | Loom |
| 7:46 | Construir | Farm |
| 7:57 | Encolar | Villager (Male) |
| 8:09 | Construir | Mining Camp |
| 8:35 | Investigar | Feudal Age |
| 9:52 | Construir | Farm |
| 10:16 | Construir | Barracks |
| 10:22 | Construir | Farm |
| 10:42 | Construir | Farm |
| 10:51 | Construir | Farm |
| 11:04 | Edad | Edad Feudal |
| 11:05 | Construir | House |
| 11:08 | Encolar | Villager (Male) |
| 11:08 | Encolar | Villager (Male) |
| 11:09 | Encolar | Villager (Male) |
| 11:15 | Investigar | Loom |
| 11:17 | Encolar | Villager (Male) |
| 11:17 | Encolar | Villager (Male) |
| 11:17 | Encolar | Villager (Male) |
| 11:25 | Construir | House |
| 11:32 | Construir | Blacksmith |
| 11:45 | Construir | Market |
| 11:53 | Investigar | Double-Bit Axe |
| 12:11 | Construir | Farm |
| 12:17 | Construir | Farm |
| 12:59 | Encolar | Villager (Male) |
| 13:45 | Investigar | Castle Age |
| 13:45 | Investigar | Castle Age |
| 13:58 | Construir | Farm |
| 14:12 | Construir | Stable |
| 14:17 | Construir | Stable |
| 14:36 | Construir | Mining Camp |
| 14:43 | Construir | House |
| 14:44 | Construir | House |
| 15:09 | Investigar | Scale Barding Armor |
| 15:13 | Encolar | Villager (Male) |
| 15:13 | Encolar | Villager (Male) |
| 15:38 | Construir | House |
| 16:14 | Construir | Gate |
| 16:19 | Construir | House |
| 16:25 | Edad | Edad de los Castillos |
| 16:33 | Construir | House |
| 16:36 | Construir | House |
| 16:37 | Construir | House |
| 16:54 | Encolar | Villager (Male) |
| 17:05 | Construir | Town Center |
| 17:15 | Encolar | Knight |
| 17:15 | Encolar | Knight |
| 17:18 | Encolar | Knight |
| 17:18 | Encolar | Knight |
| 17:26 | Encolar | Villager (Male) |
| 17:58 | Construir | Town Center |
| 18:21 | Investigar | Horse Collar |
| 18:26 | Encolar | Villager (Male) ×2 |
| 18:59 | Construir | Mill |
| 19:13 | Construir | Mill |
| 19:33 | Encolar | Villager (Male) ×4 |
| 20:12 | Investigar | Bloodlines |
| 20:20 | Encolar | Villager (Male) ×2 |
| 20:52 | Encolar | Villager (Male) ×2 |
| 21:29 | Construir | Monastery |
| 21:35 | Encolar | Villager (Male) ×3 |
| 22:04 | Construir | Stable |
| 22:19 | Encolar | Knight |
| 22:20 | Encolar | Knight |
| 22:27 | Encolar | Villager (Male) ×3 |
| 23:20 | Encolar | Villager (Male) ×3 |
| 23:26 | Construir | Stable |
| 23:33 | Investigar | Light Cavalry (upgrade) |
| 23:44 | Investigar | Husbandry |
| 24:00 | Construir | Farm |
| 24:08 | Construir | Farm |
| 24:10 | Construir | Farm |
| 24:12 | Construir | Farm |
| 24:13 | Construir | Farm |
| 24:33 | Construir | Mill |
| 24:36 | Construir | Farm |
| 24:49 | Construir | Castle |
| 25:44 | Construir | Stone Wall |
| 25:51 | Construir | Gate |
| 26:12 | Construir | Stone Wall |
| 26:19 | Encolar | Villager (Male) ×5 |
| 26:19 | Encolar | Villager (Male) ×5 |
| 26:19 | Encolar | Villager (Male) ×5 |
| 26:26 | Construir | Farm |
| 26:28 | Construir | Farm |
| 26:32 | Construir | Farm |
| 26:34 | Construir | Farm |
| 26:35 | Construir | Farm |
| 26:47 | Construir | Mining Camp |
| 27:01 | Construir | Mining Camp |
| 27:09 | Investigar | Heavy Plow |
| 27:14 | Investigar | Bow Saw |
| 27:27 | Encolar | Knight |
| 27:28 | Encolar | Knight |
| 27:43 | Investigar | Szlachta Privileges |
| 28:23 | Construir | Farm |
| 28:26 | Construir | Farm |
| 28:32 | Construir | Farm |
| 28:35 | Encolar | Villager (Male) ×5 |
| 28:59 | Construir | Mill |
| 29:01 | Construir | Farm |
| 29:04 | Construir | Farm |
| 29:05 | Construir | Farm |
| 29:06 | Construir | Farm |
| 29:08 | Construir | Farm |
| 29:16 | Construir | Farm |
| 29:23 | Construir | Farm |
| 29:26 | Construir | Farm |
| 29:30 | Investigar | Imperial Age |
| 29:38 | Encolar | Villager (Male) ×4 |
| 29:46 | Encolar | Knight ×2 |
| 30:30 | Construir | House |
| 30:32 | Construir | House |
| 30:33 | Construir | House |
| 30:35 | Construir | House |
Build order — Fıstıkçı Şahap
Primeras 150 de 347 acciones detectadas
| 0:00 | Encolar | Villager (Male) ×4 |
| 0:02 | Construir | House |
| 0:03 | Construir | House |
| 1:01 | Encolar | Villager (Male) |
| 1:28 | Encolar | Villager (Male) |
| 1:45 | Construir | Lumber Camp |
| 2:03 | Encolar | Villager (Male) |
| 2:21 | Encolar | Villager (Male) |
| 2:52 | Encolar | Villager (Male) |
| 3:04 | Encolar | Villager (Male) |
| 3:25 | Construir | House |
| 3:26 | Construir | House |
| 3:27 | Construir | House |
| 3:53 | Encolar | Villager (Male) |
| 4:07 | Encolar | Villager (Male) |
| 4:45 | Encolar | Villager (Male) |
| 4:48 | Construir | Mill |
| 5:23 | Encolar | Villager (Male) |
| 5:24 | Encolar | Villager (Male) |
| 6:05 | Encolar | Villager (Male) |
| 6:06 | Encolar | Villager (Male) |
| 6:06 | Encolar | Villager (Male) |
| 7:37 | Encolar | Villager (Male) |
| 7:37 | Encolar | Villager (Male) |
| 7:37 | Encolar | Villager (Male) |
| 8:05 | Construir | Farm |
| 8:10 | Encolar | Villager (Male) |
| 8:30 | Construir | Mining Camp |
| 8:36 | Construir | Farm |
| 8:56 | Encolar | Villager (Male) |
| 9:42 | Investigar | Feudal Age |
| 10:12 | Construir | Farm |
| 10:17 | Construir | Farm |
| 10:42 | Encolar | Villager (Male) |
| 10:43 | Encolar | Villager (Male) |
| 11:19 | Construir | House |
| 11:52 | Edad | Edad Feudal |
| 11:54 | Construir | Blacksmith |
| 11:56 | Construir | Market |
| 12:03 | Investigar | Double-Bit Axe |
| 12:43 | Investigar | Castle Age |
| 12:50 | Investigar | Horse Collar |
| 12:54 | Construir | Farm |
| 12:55 | Construir | Farm |
| 12:56 | Construir | Farm |
| 15:01 | Encolar | Villager (Male) |
| 15:01 | Encolar | Villager (Male) |
| 15:23 | Edad | Edad de los Castillos |
| 15:24 | Construir | Town Center |
| 15:26 | Construir | Town Center |
| 15:34 | Construir | Monastery |
| 15:38 | Encolar | Villager (Male) |
| 15:51 | Construir | Farm |
| 15:52 | Investigar | Heavy Plow |
| 16:23 | Construir | House |
| 16:24 | Construir | House |
| 16:26 | Encolar | Monk |
| 16:26 | Encolar | Monk |
| 16:34 | Encolar | Villager (Male) |
| 16:37 | Encolar | Villager (Male) |
| 16:37 | Investigar | Wheelbarrow |
| 16:48 | Encolar | Villager (Male) ×4 |
| 16:51 | Construir | Farm |
| 16:52 | Construir | Farm |
| 16:56 | Construir | Farm |
| 17:11 | Construir | Farm |
| 17:14 | Encolar | Villager (Male) ×2 |
| 17:40 | Construir | Farm |
| 17:41 | Encolar | Villager (Male) ×2 |
| 17:44 | Construir | House |
| 18:00 | Construir | Town Center |
| 18:03 | Encolar | Villager (Male) ×3 |
| 18:15 | Construir | House |
| 18:30 | Encolar | Villager (Male) ×2 |
| 18:33 | Construir | Farm |
| 18:34 | Construir | Farm |
| 18:34 | Construir | Farm |
| 18:38 | Construir | Farm |
| 18:39 | Construir | Farm |
| 18:48 | Construir | House |
| 19:00 | Construir | Farm |
| 19:01 | Encolar | Villager (Male) ×4 |
| 19:14 | Construir | Farm |
| 19:15 | Encolar | Villager (Male) ×3 |
| 19:23 | Construir | House |
| 19:28 | Construir | Farm |
| 19:30 | Construir | Farm |
| 19:32 | Encolar | Villager (Male) |
| 19:36 | Construir | Farm |
| 19:38 | Construir | Farm |
| 19:52 | Construir | Farm |
| 19:53 | Encolar | Villager (Male) ×4 |
| 19:56 | Construir | House |
| 20:09 | Construir | Farm |
| 20:18 | Encolar | Villager (Male) ×3 |
| 20:21 | Construir | Farm |
| 20:38 | Construir | Farm |
| 20:41 | Construir | House |
| 20:42 | Encolar | Villager (Male) ×5 |
| 20:43 | Investigar | Loom |
| 20:52 | Construir | Farm |
| 20:53 | Construir | Farm |
| 20:56 | Construir | Farm |
| 20:57 | Construir | Farm |
| 20:59 | Encolar | Villager (Male) ×5 |
| 21:11 | Construir | Farm |
| 22:02 | Construir | Farm |
| 22:02 | Encolar | Monk |
| 22:15 | Construir | Farm |
| 22:16 | Construir | Farm |
| 22:17 | Encolar | Villager (Male) ×5 |
| 22:23 | Construir | Farm |
| 22:26 | Investigar | Hand Cart |
| 22:30 | Construir | House |
| 22:30 | Construir | House |
| 22:33 | Construir | Mining Camp |
| 22:42 | Encolar | Monk |
| 22:52 | Construir | Farm |
| 23:11 | Construir | Farm |
| 23:11 | Encolar | Villager (Male) ×5 |
| 23:25 | Encolar | Villager (Male) ×5 |
| 23:30 | Construir | House |
| 23:31 | Construir | House |
| 23:38 | Encolar | Monk |
| 23:54 | Construir | Farm |
| 23:56 | Encolar | Villager (Male) |
| 23:57 | Encolar | Villager (Male) |
| 23:57 | Encolar | Villager (Male) |
| 23:57 | Encolar | Villager (Male) |
| 24:02 | Encolar | Villager (Male) ×5 |
| 24:08 | Construir | Mill |
| 24:09 | Construir | Farm |
| 24:09 | Construir | Farm |
| 24:10 | Construir | Farm |
| 24:10 | Construir | Farm |
| 24:10 | Construir | Farm |
| 24:10 | Construir | Farm |
| 24:10 | Construir | Farm |
| 24:11 | Construir | Farm |
| 24:11 | Construir | Farm |
| 24:11 | Construir | Farm |
| 24:11 | Construir | Farm |
| 24:12 | Construir | Farm |
| 24:12 | Construir | Farm |
| 24:12 | Construir | Farm |
| 24:12 | Construir | Farm |
| 24:16 | Construir | Farm |
| 24:49 | Construir | Farm |
| 24:51 | Construir | Farm |
| 24:52 | Encolar | Villager (Male) ×5 |
Build order — 鸡你泰美
Primeras 150 de 341 acciones detectadas
| 0:03 | Construir | House |
| 0:05 | Construir | House |
| 0:06 | Encolar | Villager (Male) |
| 0:06 | Encolar | Villager (Male) |
| 0:06 | Encolar | Villager (Male) |
| 0:07 | Encolar | Villager (Male) |
| 0:07 | Encolar | Villager (Male) |
| 1:21 | Encolar | Villager (Male) |
| 1:52 | Construir | Lumber Camp |
| 2:01 | Encolar | Villager (Male) |
| 2:02 | Encolar | Villager (Male) |
| 2:39 | Encolar | Villager (Male) |
| 2:47 | Encolar | Villager (Male) |
| 3:16 | Encolar | Villager (Male) |
| 3:40 | Construir | House |
| 3:43 | Construir | House |
| 4:09 | Encolar | Villager (Male) |
| 4:09 | Encolar | Villager (Male) |
| 4:14 | Construir | Mill |
| 5:21 | Encolar | Villager (Male) |
| 5:22 | Encolar | Villager (Male) |
| 5:22 | Encolar | Villager (Male) |
| 5:34 | Construir | House |
| 5:51 | Encolar | Villager (Male) |
| 6:18 | Construir | Mining Camp |
| 6:39 | Encolar | Villager (Male) |
| 7:03 | Encolar | Villager (Male) |
| 7:14 | Construir | Farm |
| 7:43 | Encolar | Villager (Male) |
| 8:09 | Construir | House |
| 8:18 | Encolar | Villager (Male) |
| 8:24 | Encolar | Villager (Male) |
| 9:05 | Investigar | Feudal Age |
| 9:41 | Encolar | Villager (Male) |
| 9:42 | Encolar | Villager (Male) |
| 11:18 | Edad | Edad Feudal |
| 11:23 | Construir | Market |
| 11:27 | Construir | Blacksmith |
| 12:09 | Encolar | Villager (Male) |
| 12:19 | Investigar | Castle Age |
| 12:39 | Construir | Lumber Camp |
| 12:45 | Investigar | Double-Bit Axe |
| 12:50 | Construir | Farm |
| 14:59 | Edad | Edad de los Castillos |
| 15:03 | Construir | Town Center |
| 15:07 | Construir | Town Center |
| 15:25 | Encolar | Villager (Male) |
| 15:26 | Encolar | Villager (Male) |
| 15:33 | Encolar | Villager (Male) |
| 15:33 | Encolar | Villager (Male) |
| 15:55 | Encolar | Villager (Male) |
| 16:03 | Investigar | Bow Saw |
| 16:07 | Construir | Farm |
| 16:11 | Encolar | Villager (Male) |
| 16:12 | Encolar | Villager (Male) |
| 16:25 | Construir | Farm |
| 16:33 | Construir | Farm |
| 16:35 | Construir | Farm |
| 16:38 | Construir | Farm |
| 16:41 | Construir | Farm |
| 16:43 | Construir | Farm |
| 17:00 | Encolar | Villager (Male) |
| 17:09 | Construir | Farm |
| 17:25 | Encolar | Villager (Male) |
| 17:27 | Encolar | Villager (Male) |
| 17:30 | Encolar | Villager (Male) |
| 17:32 | Construir | Farm |
| 17:50 | Encolar | Villager (Male) |
| 17:56 | Construir | Farm |
| 17:58 | Construir | Farm |
| 18:02 | Encolar | Villager (Male) |
| 18:05 | Construir | Farm |
| 18:11 | Encolar | Villager (Male) |
| 18:16 | Encolar | Villager (Male) |
| 18:25 | Construir | House |
| 18:28 | Construir | House |
| 18:33 | Encolar | Villager (Male) |
| 18:35 | Construir | Farm |
| 18:42 | Construir | Farm |
| 18:44 | Encolar | Villager (Male) |
| 18:44 | Encolar | Villager (Male) |
| 18:53 | Construir | Farm |
| 18:55 | Encolar | Villager (Male) |
| 18:58 | Encolar | Villager (Male) |
| 19:01 | Construir | Farm |
| 19:11 | Encolar | Villager (Male) |
| 19:18 | Construir | Town Center |
| 19:21 | Encolar | Villager (Male) |
| 19:26 | Construir | Farm |
| 19:27 | Encolar | Villager (Male) |
| 19:32 | Construir | House |
| 19:33 | Construir | House |
| 19:42 | Construir | Farm |
| 19:43 | Encolar | Villager (Male) |
| 19:58 | Construir | Farm |
| 19:59 | Encolar | Villager (Male) |
| 20:04 | Encolar | Villager (Male) |
| 20:04 | Encolar | Villager (Male) |
| 20:15 | Construir | Farm |
| 20:16 | Encolar | Villager (Male) |
| 20:23 | Encolar | Villager (Male) |
| 20:29 | Construir | Farm |
| 20:30 | Encolar | Villager (Male) |
| 20:44 | Construir | House |
| 20:53 | Construir | House |
| 20:54 | Construir | House |
| 20:58 | Construir | Farm |
| 21:00 | Encolar | Villager (Male) |
| 21:02 | Investigar | Wheelbarrow |
| 21:03 | Encolar | Villager (Male) |
| 21:09 | Construir | Farm |
| 21:12 | Encolar | Villager (Male) |
| 21:17 | Encolar | Villager (Male) |
| 21:25 | Encolar | Villager (Male) |
| 21:34 | Construir | Farm |
| 21:35 | Encolar | Villager (Male) |
| 21:56 | Construir | Monastery |
| 22:00 | Construir | University |
| 22:05 | Construir | Farm |
| 22:06 | Construir | Farm |
| 22:07 | Encolar | Villager (Male) |
| 22:09 | Encolar | Villager (Male) |
| 22:11 | Encolar | Villager (Male) |
| 22:13 | Encolar | Villager (Male) |
| 22:13 | Encolar | Villager (Male) |
| 22:14 | Encolar | Villager (Male) |
| 22:15 | Encolar | Villager (Male) |
| 22:25 | Investigar | Gold Mining |
| 22:34 | Construir | Farm |
| 22:35 | Encolar | Villager (Male) |
| 22:41 | Construir | Farm |
| 22:43 | Encolar | Villager (Male) |
| 22:48 | Encolar | Villager (Male) |
| 22:50 | Encolar | Villager (Male) |
| 22:59 | Construir | Farm |
| 23:02 | Encolar | Villager (Male) |
| 23:02 | Encolar | Villager (Male) |
| 23:06 | Construir | Farm |
| 23:09 | Encolar | Villager (Male) |
| 23:11 | Encolar | Villager (Male) |
| 23:12 | Encolar | Villager (Male) |
| 23:23 | Construir | House |
| 23:24 | Construir | House |
| 23:25 | Construir | House |
| 23:26 | Construir | House |
| 23:37 | Construir | Farm |
| 23:44 | Investigar | Hand Cart |
| 23:45 | Investigar | Town Watch |
| 23:51 | Encolar | Villager (Male) |
| 23:51 | Encolar | Villager (Male) |
Build order — aerogel
Primeras 150 de 303 acciones detectadas
| 0:01 | Encolar | Villager (Male) |
| 0:01 | Encolar | Villager (Male) |
| 0:02 | Encolar | Villager (Male) |
| 0:02 | Encolar | Villager (Male) |
| 0:03 | Construir | House |
| 0:04 | Construir | House |
| 1:23 | Encolar | Villager (Male) |
| 1:46 | Construir | Lumber Camp |
| 2:06 | Encolar | Villager (Male) |
| 2:07 | Encolar | Villager (Male) |
| 2:07 | Encolar | Villager (Male) |
| 2:16 | Encolar | Villager (Male) |
| 2:17 | Encolar | Villager (Male) |
| 2:17 | Encolar | Villager (Male) |
| 2:51 | Encolar | Villager (Male) |
| 2:51 | Encolar | Villager (Male) |
| 2:51 | Encolar | Villager (Male) |
| 3:23 | Encolar | Villager (Male) |
| 3:23 | Encolar | Villager (Male) |
| 3:43 | Construir | House |
| 4:18 | Construir | House |
| 4:24 | Encolar | Villager (Male) |
| 4:24 | Encolar | Villager (Male) |
| 4:24 | Encolar | Villager (Male) |
| 4:38 | Encolar | Villager (Male) |
| 4:38 | Encolar | Villager (Male) |
| 4:39 | Encolar | Villager (Male) |
| 4:39 | Encolar | Villager (Male) |
| 4:55 | Construir | Mill |
| 5:39 | Encolar | Villager (Male) |
| 5:40 | Encolar | Villager (Male) |
| 5:40 | Encolar | Villager (Male) |
| 6:06 | Encolar | Villager (Male) |
| 6:06 | Encolar | Villager (Male) |
| 6:43 | Encolar | Villager (Male) |
| 6:43 | Encolar | Villager (Male) |
| 7:26 | Encolar | Villager (Male) |
| 7:27 | Encolar | Villager (Male) |
| 7:30 | Encolar | Villager (Male) |
| 8:09 | Encolar | Villager (Male) |
| 8:10 | Encolar | Villager (Male) |
| 8:18 | Investigar | Loom |
| 9:31 | Investigar | Feudal Age |
| 9:50 | Construir | House |
| 10:31 | Construir | House |
| 10:56 | Construir | Mining Camp |
| 11:14 | Construir | House |
| 11:29 | Construir | Barracks |
| 11:38 | Encolar | Villager (Male) |
| 11:53 | Construir | House |
| 12:05 | Edad | Edad Feudal |
| 12:09 | Construir | Blacksmith |
| 12:12 | Construir | Market |
| 12:19 | Encolar | Villager (Male) |
| 12:19 | Encolar | Villager (Male) |
| 12:19 | Encolar | Villager (Male) |
| 12:24 | Encolar | Villager (Male) |
| 12:32 | Construir | Mining Camp |
| 13:18 | Encolar | Villager (Male) |
| 13:18 | Encolar | Villager (Male) |
| 13:24 | Construir | Farm |
| 13:30 | Construir | House |
| 13:49 | Construir | Farm |
| 14:13 | Investigar | Double-Bit Axe |
| 14:17 | Construir | House |
| 14:31 | Encolar | Villager (Male) |
| 14:31 | Encolar | Villager (Male) |
| 14:39 | Construir | Farm |
| 15:04 | Construir | Farm |
| 15:08 | Investigar | Wheelbarrow |
| 15:32 | Construir | Farm |
| 15:36 | Construir | Farm |
| 15:45 | Construir | Farm |
| 15:59 | Construir | Farm |
| 16:54 | Construir | Farm |
| 17:14 | Encolar | Villager (Male) |
| 17:25 | Investigar | Castle Age |
| 17:48 | Construir | Farm |
| 17:52 | Construir | Farm |
| 19:40 | Encolar | Villager (Male) |
| 19:40 | Encolar | Villager (Male) |
| 19:40 | Encolar | Villager (Male) |
| 19:42 | Encolar | Villager (Male) |
| 19:42 | Encolar | Villager (Male) |
| 20:19 | Edad | Edad de los Castillos |
| 20:26 | Construir | Castle |
| 20:38 | Encolar | Spearman |
| 20:38 | Encolar | Spearman |
| 20:40 | Encolar | Spearman |
| 20:40 | Encolar | Spearman |
| 20:54 | Encolar | Villager (Male) |
| 21:03 | Investigar | Bow Saw |
| 21:06 | Construir | Lumber Camp |
| 21:35 | Investigar | Pikeman (upgrade) |
| 21:36 | Investigar | Squires |
| 21:38 | Encolar | Spearman |
| 21:38 | Encolar | Spearman |
| 21:40 | Encolar | Spearman |
| 21:45 | Encolar | Villager (Male) |
| 21:45 | Encolar | Villager (Male) |
| 21:52 | Construir | Town Center |
| 22:06 | Construir | Mining Camp |
| 22:12 | Encolar | Conquistador |
| 22:12 | Encolar | Conquistador |
| 22:12 | Encolar | Conquistador |
| 22:13 | Encolar | Conquistador |
| 22:28 | Encolar | Villager (Male) |
| 22:29 | Encolar | Villager (Male) |
| 22:51 | Encolar | Villager (Male) |
| 22:51 | Encolar | Villager (Male) |
| 22:52 | Encolar | Villager (Male) |
| 22:52 | Encolar | Villager (Male) |
| 22:57 | Construir | House |
| 23:19 | Construir | Siege Workshop |
| 23:24 | Construir | Stable |
| 23:28 | Construir | Archery Range |
| 23:36 | Construir | House |
| 23:38 | Encolar | Villager (Male) |
| 23:38 | Encolar | Villager (Male) |
| 23:38 | Encolar | Villager (Male) |
| 23:50 | Encolar | Villager (Male) |
| 23:50 | Encolar | Villager (Male) |
| 24:14 | Construir | Farm |
| 24:19 | Construir | Farm |
| 24:22 | Construir | Farm |
| 24:32 | Construir | House |
| 24:40 | Encolar | Conquistador |
| 24:40 | Encolar | Conquistador |
| 24:40 | Encolar | Conquistador |
| 24:40 | Encolar | Conquistador |
| 24:41 | Encolar | Conquistador |
| 24:59 | Construir | Farm |
| 25:03 | Construir | Farm |
| 25:10 | Encolar | Villager (Male) |
| 25:11 | Encolar | Villager (Male) |
| 25:11 | Encolar | Villager (Male) |
| 25:16 | Construir | House |
| 25:19 | Encolar | Archer |
| 25:19 | Encolar | Archer |
| 25:19 | Encolar | Archer |
| 25:19 | Encolar | Archer |
| 25:19 | Encolar | Archer |
| 25:19 | Encolar | Archer |
| 25:29 | Construir | House |
| 25:36 | Construir | House |
| 25:44 | Construir | Farm |
| 25:45 | Construir | Farm |
| 25:55 | Encolar | Villager (Male) |
| 25:56 | Encolar | Villager (Male) |
| 25:56 | Encolar | Villager (Male) |
Build order — 九思
Primeras 150 de 399 acciones detectadas
| 0:01 | Encolar | Villager (Male) |
| 0:02 | Encolar | Villager (Male) |
| 0:02 | Encolar | Villager (Male) |
| 0:03 | Construir | House |
| 0:05 | Construir | House |
| 0:57 | Encolar | Villager (Male) |
| 0:57 | Encolar | Villager (Male) |
| 2:06 | Encolar | Villager (Male) |
| 2:07 | Encolar | Villager (Male) |
| 2:07 | Encolar | Villager (Male) |
| 2:14 | Construir | Lumber Camp |
| 2:40 | Encolar | Villager (Male) |
| 3:02 | Encolar | Villager (Male) |
| 3:03 | Encolar | Villager (Male) |
| 3:27 | Construir | House |
| 3:29 | Construir | House |
| 3:39 | Encolar | Villager (Male) |
| 3:40 | Encolar | Villager (Male) |
| 3:53 | Encolar | Villager (Male) |
| 3:54 | Encolar | Villager (Male) |
| 4:14 | Construir | Mill |
| 4:19 | Encolar | Villager (Male) |
| 4:20 | Encolar | Villager (Male) |
| 4:48 | Encolar | Villager (Male) |
| 4:48 | Encolar | Villager (Male) |
| 5:31 | Encolar | Villager (Male) |
| 5:31 | Encolar | Villager (Male) |
| 5:34 | Encolar | Villager (Male) |
| 6:27 | Encolar | Villager (Male) |
| 6:32 | Construir | Farm |
| 7:16 | Encolar | Villager (Male) |
| 7:21 | Construir | Mining Camp |
| 7:41 | Investigar | Feudal Age |
| 9:27 | Encolar | Villager (Male) |
| 9:29 | Encolar | Villager (Male) |
| 9:45 | Edad | Edad Feudal |
| 9:54 | Construir | Market |
| 9:58 | Construir | Blacksmith |
| 10:46 | Construir | House |
| 10:51 | Investigar | Castle Age |
| 10:51 | Investigar | Castle Age |
| 11:08 | Investigar | Double-Bit Axe |
| 11:08 | Investigar | Double-Bit Axe |
| 11:47 | Construir | Farm |
| 11:57 | Investigar | Horse Collar |
| 12:03 | Construir | Farm |
| 13:14 | Encolar | Villager (Male) |
| 13:14 | Encolar | Villager (Male) |
| 13:16 | Edad | Edad de los Castillos |
| 13:21 | Construir | Town Center |
| 13:26 | Construir | Town Center |
| 13:50 | Construir | House |
| 14:04 | Encolar | Villager (Male) |
| 14:06 | Construir | Farm |
| 14:09 | Construir | Farm |
| 14:15 | Construir | Farm |
| 14:28 | Encolar | Villager (Male) |
| 14:30 | Construir | Farm |
| 14:37 | Construir | Farm |
| 14:46 | Encolar | Villager (Male) |
| 14:57 | Construir | Farm |
| 15:00 | Construir | Farm |
| 15:01 | Encolar | Villager (Male) |
| 15:13 | Construir | Farm |
| 15:22 | Encolar | Villager (Male) |
| 15:23 | Encolar | Villager (Male) |
| 15:27 | Construir | Farm |
| 15:33 | Construir | Farm |
| 15:34 | Encolar | Villager (Male) |
| 15:48 | Construir | Farm |
| 15:50 | Encolar | Villager (Male) |
| 15:50 | Encolar | Villager (Male) |
| 15:56 | Encolar | Villager (Male) |
| 15:57 | Encolar | Villager (Male) |
| 16:03 | Construir | Farm |
| 16:03 | Encolar | Villager (Male) |
| 16:08 | Encolar | Villager (Male) |
| 16:12 | Construir | Farm |
| 16:22 | Encolar | Villager (Male) |
| 16:22 | Encolar | Villager (Male) |
| 16:27 | Construir | Farm |
| 16:35 | Encolar | Villager (Male) |
| 16:40 | Construir | Farm |
| 16:42 | Encolar | Villager (Male) |
| 16:52 | Construir | Farm |
| 16:52 | Encolar | Villager (Male) |
| 17:00 | Construir | Farm |
| 17:01 | Encolar | Villager (Male) |
| 17:14 | Construir | House |
| 17:15 | Construir | House |
| 17:16 | Construir | House |
| 17:17 | Encolar | Villager (Male) |
| 17:18 | Encolar | Villager (Male) |
| 17:23 | Construir | Farm |
| 17:28 | Encolar | Villager (Male) |
| 17:34 | Encolar | Villager (Male) |
| 17:39 | Encolar | Villager (Male) |
| 17:48 | Construir | Farm |
| 17:49 | Encolar | Villager (Male) |
| 17:58 | Encolar | Villager (Male) |
| 18:06 | Encolar | Villager (Male) |
| 18:21 | Construir | Town Center |
| 18:22 | Encolar | Villager (Male) |
| 18:26 | Encolar | Villager (Male) |
| 18:30 | Construir | Farm |
| 18:35 | Investigar | Bow Saw |
| 18:37 | Encolar | Villager (Male) |
| 18:43 | Construir | House |
| 18:44 | Construir | House |
| 18:45 | Encolar | Villager (Male) |
| 18:51 | Encolar | Villager (Male) |
| 18:55 | Construir | Farm |
| 19:00 | Encolar | Villager (Male) |
| 19:00 | Encolar | Villager (Male) |
| 19:07 | Construir | Farm |
| 19:08 | Encolar | Villager (Male) |
| 19:13 | Encolar | Villager (Male) |
| 19:18 | Construir | House |
| 19:20 | Encolar | Villager (Male) |
| 19:25 | Construir | Farm |
| 19:28 | Encolar | Villager (Male) |
| 19:37 | Encolar | Villager (Male) |
| 19:47 | Construir | House |
| 19:47 | Encolar | Villager (Male) |
| 19:48 | Encolar | Villager (Male) |
| 19:48 | Encolar | Villager (Male) |
| 19:52 | Construir | Farm |
| 19:55 | Encolar | Villager (Male) |
| 20:10 | Construir | Monastery |
| 20:10 | Encolar | Villager (Male) |
| 20:11 | Encolar | Villager (Male) |
| 20:16 | Construir | Farm |
| 20:22 | Construir | Farm |
| 20:22 | Construir | Farm |
| 20:25 | Encolar | Villager (Male) |
| 20:25 | Encolar | Villager (Male) |
| 20:26 | Encolar | Villager (Male) |
| 20:34 | Construir | Farm |
| 20:41 | Construir | Farm |
| 20:41 | Construir | Farm |
| 20:44 | Encolar | Villager (Male) |
| 20:45 | Encolar | Villager (Male) |
| 20:49 | Encolar | Villager (Male) |
| 20:55 | Construir | Farm |
| 20:55 | Construir | Farm |
| 20:56 | Encolar | Villager (Male) |
| 20:59 | Construir | Farm |
| 21:01 | Encolar | Villager (Male) |
| 21:05 | Encolar | Villager (Male) |
| 21:08 | Construir | Farm |
Build order — Dumbhill
Primeras 150 de 363 acciones detectadas
| 0:02 | Encolar | Villager (Male) ×4 |
| 0:02 | Encolar | Villager (Male) ×4 |
| 0:02 | Encolar | Villager (Male) ×4 |
| 0:04 | Construir | House |
| 0:05 | Construir | House |
| 1:25 | Encolar | Villager (Male) |
| 1:26 | Encolar | Villager (Male) |
| 1:46 | Construir | Lumber Camp |
| 1:51 | Encolar | Villager (Male) |
| 2:21 | Encolar | Villager (Male) |
| 2:22 | Encolar | Villager (Male) |
| 2:58 | Encolar | Villager (Male) |
| 2:59 | Encolar | Villager (Male) |
| 3:26 | Encolar | Villager (Male) |
| 3:27 | Encolar | Villager (Male) |
| 3:55 | Encolar | Villager (Male) |
| 3:55 | Encolar | Villager (Male) |
| 4:16 | Construir | House |
| 4:18 | Construir | House |
| 4:28 | Encolar | Villager (Male) |
| 4:29 | Encolar | Villager (Male) |
| 4:51 | Encolar | Villager (Male) |
| 4:52 | Encolar | Villager (Male) |
| 4:52 | Encolar | Villager (Male) |
| 4:58 | Construir | Mill |
| 5:47 | Encolar | Villager (Male) |
| 5:47 | Encolar | Villager (Male) |
| 5:48 | Encolar | Villager (Male) |
| 6:18 | Encolar | Villager (Male) |
| 7:23 | Encolar | Villager (Male) |
| 7:24 | Encolar | Villager (Male) |
| 8:00 | Encolar | Villager (Male) |
| 8:10 | Encolar | Villager (Male) |
| 8:21 | Construir | House |
| 8:23 | Construir | House |
| 8:27 | Encolar | Villager (Male) |
| 8:47 | Construir | Mining Camp |
| 9:31 | Investigar | Feudal Age |
| 10:07 | Construir | Farm |
| 10:10 | Construir | Farm |
| 10:12 | Construir | Farm |
| 10:14 | Construir | Farm |
| 10:16 | Construir | Farm |
| 10:19 | Construir | Farm |
| 10:35 | Encolar | Villager (Male) |
| 10:35 | Encolar | Villager (Male) |
| 10:45 | Construir | Farm |
| 10:48 | Construir | Farm |
| 11:42 | Edad | Edad Feudal |
| 11:45 | Construir | Blacksmith |
| 11:50 | Construir | Market |
| 12:11 | Construir | Farm |
| 12:14 | Encolar | Villager (Male) |
| 12:36 | Construir | Farm |
| 13:01 | Investigar | Castle Age |
| 13:03 | Construir | Farm |
| 13:38 | Encolar | Villager (Male) |
| 13:38 | Encolar | Villager (Male) |
| 14:55 | Investigar | Double-Bit Axe |
| 14:56 | Investigar | Horse Collar |
| 15:41 | Edad | Edad de los Castillos |
| 15:47 | Construir | Town Center |
| 15:53 | Encolar | Villager (Male) |
| 16:02 | Construir | Town Center |
| 16:37 | Construir | Monastery |
| 16:43 | Encolar | Villager (Male) |
| 16:43 | Encolar | Villager (Male) |
| 16:50 | Construir | House |
| 16:51 | Construir | House |
| 16:52 | Construir | House |
| 16:54 | Construir | House |
| 17:05 | Encolar | Villager (Male) |
| 17:18 | Encolar | Villager (Male) |
| 17:18 | Encolar | Villager (Male) |
| 17:18 | Encolar | Villager (Male) |
| 17:24 | Construir | Farm |
| 17:29 | Encolar | Villager (Male) |
| 17:30 | Encolar | Villager (Male) |
| 17:36 | Encolar | Villager (Male) |
| 17:36 | Encolar | Villager (Male) |
| 17:39 | Encolar | Monk |
| 17:53 | Construir | Farm |
| 17:54 | Encolar | Villager (Male) |
| 17:54 | Encolar | Villager (Male) |
| 17:57 | Construir | Farm |
| 17:58 | Encolar | Villager (Male) |
| 18:07 | Encolar | Villager (Male) |
| 18:15 | Construir | Farm |
| 18:15 | Encolar | Villager (Male) |
| 18:24 | Construir | Farm |
| 18:40 | Encolar | Monk |
| 18:45 | Construir | Farm |
| 18:45 | Encolar | Villager (Male) |
| 18:45 | Encolar | Villager (Male) |
| 18:48 | Construir | Farm |
| 18:49 | Encolar | Villager (Male) |
| 18:49 | Encolar | Villager (Male) |
| 19:10 | Construir | Farm |
| 19:10 | Encolar | Villager (Male) |
| 19:10 | Encolar | Villager (Male) |
| 19:12 | Construir | Farm |
| 19:13 | Encolar | Villager (Male) |
| 19:13 | Encolar | Villager (Male) |
| 19:23 | Construir | House |
| 19:24 | Construir | House |
| 19:50 | Encolar | Villager (Male) |
| 19:50 | Encolar | Villager (Male) |
| 19:52 | Encolar | Villager (Male) |
| 19:52 | Encolar | Villager (Male) |
| 19:56 | Construir | Mining Camp |
| 20:06 | Construir | Farm |
| 20:10 | Encolar | Villager (Male) |
| 20:10 | Encolar | Villager (Male) |
| 20:29 | Encolar | Villager (Male) |
| 20:32 | Construir | House |
| 20:33 | Construir | House |
| 20:35 | Construir | Farm |
| 20:51 | Construir | Farm |
| 20:57 | Construir | Farm |
| 21:06 | Encolar | Villager (Male) |
| 21:06 | Encolar | Villager (Male) |
| 21:07 | Encolar | Villager (Male) |
| 21:30 | Construir | Farm |
| 21:33 | Construir | Farm |
| 21:35 | Construir | Farm |
| 21:39 | Construir | House |
| 21:41 | Construir | House |
| 21:41 | Construir | House |
| 21:50 | Construir | Farm |
| 21:51 | Encolar | Villager (Male) |
| 21:51 | Encolar | Villager (Male) |
| 21:51 | Encolar | Villager (Male) |
| 22:04 | Encolar | Villager (Male) |
| 22:05 | Encolar | Villager (Male) |
| 22:05 | Investigar | Loom |
| 22:06 | Investigar | Wheelbarrow |
| 22:23 | Construir | Farm |
| 22:33 | Construir | Farm |
| 22:35 | Encolar | Villager (Male) |
| 22:35 | Encolar | Villager (Male) |
| 22:47 | Construir | Farm |
| 22:48 | Encolar | Villager (Male) |
| 22:48 | Encolar | Villager (Male) |
| 23:00 | Construir | House |
| 23:01 | Construir | House |
| 23:03 | Construir | House |
| 23:03 | Construir | House |
| 23:05 | Construir | House |
| 23:19 | Construir | Barracks |
| 23:20 | Encolar | Villager (Male) |
Build order — 优雅猫
Primeras 150 de 390 acciones detectadas
| 0:00 | Encolar | Villager (Male) |
| 0:01 | Encolar | Villager (Male) |
| 0:01 | Encolar | Villager (Male) |
| 0:03 | Construir | House |
| 0:08 | Construir | House |
| 0:14 | Encolar | Villager (Male) |
| 0:14 | Encolar | Villager (Male) |
| 0:14 | Encolar | Villager (Male) |
| 0:44 | Construir | House |
| 0:50 | Construir | House |
| 0:57 | Construir | House |
| 1:23 | Encolar | Villager (Male) |
| 1:54 | Encolar | Villager (Male) |
| 2:04 | Construir | Lumber Camp |
| 2:16 | Encolar | Villager (Male) |
| 2:17 | Encolar | Villager (Male) |
| 2:34 | Encolar | Villager (Male) |
| 2:34 | Encolar | Villager (Male) |
| 2:34 | Encolar | Villager (Male) |
| 2:48 | Encolar | Villager (Male) |
| 2:48 | Encolar | Villager (Male) |
| 3:24 | Encolar | Villager (Male) |
| 3:24 | Encolar | Villager (Male) |
| 3:26 | Encolar | Villager (Male) |
| 3:27 | Encolar | Villager (Male) |
| 3:54 | Encolar | Villager (Male) |
| 3:54 | Encolar | Villager (Male) |
| 4:08 | Encolar | Villager (Male) |
| 4:34 | Construir | Mill |
| 4:50 | Encolar | Villager (Male) |
| 4:57 | Encolar | Villager (Male) |
| 4:57 | Encolar | Villager (Male) |
| 5:10 | Encolar | Villager (Male) |
| 5:10 | Encolar | Villager (Male) |
| 6:28 | Encolar | Villager (Male) |
| 6:28 | Encolar | Villager (Male) |
| 6:28 | Encolar | Villager (Male) |
| 6:56 | Construir | Farm |
| 7:14 | Encolar | Villager (Male) |
| 7:14 | Encolar | Villager (Male) |
| 8:23 | Construir | Farm |
| 8:39 | Investigar | Feudal Age |
| 8:48 | Construir | Mining Camp |
| 10:02 | Encolar | Villager (Male) |
| 10:11 | Construir | House |
| 10:17 | Construir | House |
| 11:00 | Edad | Edad Feudal |
| 11:04 | Construir | Blacksmith |
| 11:08 | Construir | Market |
| 11:14 | Investigar | Double-Bit Axe |
| 11:22 | Encolar | Villager (Male) |
| 11:47 | Investigar | Horse Collar |
| 11:47 | Investigar | Horse Collar |
| 11:47 | Investigar | Horse Collar |
| 11:56 | Investigar | Castle Age |
| 11:56 | Investigar | Castle Age |
| 11:56 | Investigar | Castle Age |
| 14:32 | Investigar | Wheelbarrow |
| 14:36 | Edad | Edad de los Castillos |
| 14:38 | Investigar | Bow Saw |
| 14:39 | Investigar | Heavy Plow |
| 14:45 | Construir | Town Center |
| 14:51 | Construir | Town Center |
| 14:57 | Construir | Farm |
| 14:59 | Construir | Farm |
| 15:01 | Construir | Farm |
| 15:03 | Construir | Farm |
| 15:10 | Construir | University |
| 15:46 | Encolar | Villager (Male) |
| 16:15 | Construir | Town Center |
| 16:30 | Encolar | Villager (Male) |
| 16:30 | Encolar | Villager (Male) |
| 16:35 | Construir | Town Center |
| 16:40 | Encolar | Villager (Male) |
| 16:41 | Encolar | Villager (Male) |
| 16:52 | Construir | Farm |
| 16:58 | Construir | Farm |
| 17:02 | Construir | Farm |
| 17:03 | Encolar | Villager (Male) |
| 17:03 | Encolar | Villager (Male) |
| 17:18 | Construir | House |
| 17:19 | Construir | House |
| 17:20 | Construir | House |
| 17:21 | Construir | House |
| 17:24 | Construir | Farm |
| 17:32 | Construir | Farm |
| 17:40 | Construir | Farm |
| 17:44 | Construir | Farm |
| 17:45 | Encolar | Villager (Male) |
| 17:45 | Encolar | Villager (Male) |
| 17:45 | Encolar | Villager (Male) |
| 17:45 | Encolar | Villager (Male) |
| 18:00 | Encolar | Villager (Male) |
| 18:04 | Construir | Farm |
| 18:28 | Encolar | Villager (Male) |
| 18:28 | Encolar | Villager (Male) |
| 18:28 | Encolar | Villager (Male) |
| 18:28 | Encolar | Villager (Male) |
| 18:33 | Encolar | Villager (Male) |
| 18:33 | Encolar | Villager (Male) |
| 18:39 | Construir | Farm |
| 18:41 | Construir | Farm |
| 18:45 | Construir | Farm |
| 18:54 | Encolar | Villager (Male) |
| 18:54 | Encolar | Villager (Male) |
| 18:56 | Construir | Farm |
| 19:01 | Encolar | Villager (Male) |
| 19:02 | Encolar | Villager (Male) |
| 19:10 | Encolar | Villager (Male) |
| 19:10 | Encolar | Villager (Male) |
| 19:11 | Encolar | Villager (Male) |
| 19:22 | Encolar | Villager (Male) |
| 19:25 | Construir | House |
| 19:27 | Construir | House |
| 19:28 | Construir | House |
| 19:30 | Encolar | Villager (Male) |
| 19:43 | Encolar | Villager (Male) |
| 19:49 | Construir | Farm |
| 19:52 | Encolar | Villager (Male) |
| 19:53 | Encolar | Villager (Male) |
| 20:07 | Construir | Monastery |
| 20:13 | Encolar | Villager (Male) |
| 20:19 | Construir | Siege Workshop |
| 20:26 | Encolar | Villager (Male) |
| 20:26 | Encolar | Villager (Male) |
| 20:26 | Encolar | Villager (Male) |
| 20:28 | Investigar | Loom |
| 20:37 | Encolar | Villager (Male) |
| 20:40 | Encolar | Villager (Male) |
| 20:40 | Encolar | Villager (Male) |
| 20:45 | Encolar | Villager (Male) |
| 20:54 | Construir | House |
| 20:56 | Construir | House |
| 20:57 | Encolar | Villager (Male) |
| 20:58 | Encolar | Villager (Male) |
| 21:00 | Construir | Mining Camp |
| 21:06 | Construir | Mining Camp |
| 21:08 | Encolar | Villager (Male) |
| 21:08 | Encolar | Villager (Male) |
| 21:18 | Encolar | Villager (Male) |
| 21:30 | Encolar | Villager (Male) |
| 21:30 | Encolar | Villager (Male) |
| 21:30 | Encolar | Villager (Male) |
| 21:31 | Encolar | Villager (Male) |
| 21:32 | Encolar | Villager (Male) |
| 21:32 | Encolar | Villager (Male) |
| 21:41 | Encolar | Villager (Male) |
| 21:41 | Encolar | Villager (Male) |
| 21:59 | Construir | Castle |
| 22:07 | Construir | House |
Build order — 传奇耐电王汤恩伯
Primeras 150 de 428 acciones detectadas
| 0:01 | Encolar | Villager (Male) |
| 0:01 | Encolar | Villager (Male) |
| 0:03 | Construir | House |
| 0:05 | Construir | House |
| 0:08 | Encolar | Villager (Male) |
| 0:08 | Encolar | Villager (Male) |
| 1:33 | Encolar | Villager (Male) |
| 1:33 | Encolar | Villager (Male) |
| 1:33 | Encolar | Villager (Male) |
| 1:46 | Construir | Lumber Camp |
| 2:09 | Encolar | Villager (Male) |
| 2:10 | Encolar | Villager (Male) |
| 2:31 | Encolar | Villager (Male) |
| 2:31 | Encolar | Villager (Male) |
| 2:52 | Encolar | Villager (Male) |
| 2:53 | Encolar | Villager (Male) |
| 2:53 | Encolar | Villager (Male) |
| 3:32 | Construir | House |
| 3:45 | Encolar | Villager (Male) |
| 3:45 | Encolar | Villager (Male) |
| 3:46 | Encolar | Villager (Male) |
| 4:02 | Construir | House |
| 4:23 | Encolar | Villager (Male) |
| 4:24 | Encolar | Villager (Male) |
| 4:58 | Encolar | Villager (Male) |
| 4:59 | Encolar | Villager (Male) |
| 5:34 | Construir | Mill |
| 5:42 | Encolar | Villager (Male) |
| 6:10 | Encolar | Villager (Male) |
| 6:56 | Encolar | Villager (Male) |
| 7:35 | Encolar | Villager (Male) |
| 7:53 | Encolar | Villager (Male) |
| 8:08 | Construir | Mining Camp |
| 8:25 | Investigar | Feudal Age |
| 8:55 | Encolar | Villager (Male) |
| 8:56 | Encolar | Villager (Male) |
| 9:16 | Construir | Farm |
| 9:44 | Construir | Farm |
| 9:47 | Construir | Farm |
| 9:53 | Construir | House |
| 10:35 | Edad | Edad Feudal |
| 10:39 | Construir | Market |
| 10:42 | Construir | Blacksmith |
| 11:01 | Investigar | Double-Bit Axe |
| 11:01 | Investigar | Double-Bit Axe |
| 11:26 | Investigar | Castle Age |
| 11:26 | Investigar | Castle Age |
| 11:26 | Investigar | Castle Age |
| 11:31 | Construir | Mining Camp |
| 12:53 | Encolar | Villager (Male) |
| 12:53 | Encolar | Villager (Male) |
| 13:54 | Encolar | Villager (Male) |
| 14:06 | Edad | Edad de los Castillos |
| 14:32 | Construir | Monastery |
| 15:10 | Construir | Castle |
| 15:16 | Encolar | Villager (Male) |
| 15:36 | Encolar | Monk |
| 15:37 | Encolar | Monk |
| 15:42 | Construir | House |
| 15:53 | Investigar | Loom |
| 15:53 | Investigar | Loom |
| 16:17 | Encolar | Monk |
| 16:39 | Construir | Town Center |
| 16:41 | Encolar | Villager (Male) |
| 16:42 | Encolar | Villager (Male) |
| 16:51 | Construir | Farm |
| 16:52 | Construir | Farm |
| 16:52 | Construir | Farm |
| 16:52 | Construir | Farm |
| 16:52 | Construir | Farm |
| 16:53 | Construir | Farm |
| 17:06 | Encolar | Mangudai |
| 17:07 | Encolar | Mangudai |
| 17:24 | Encolar | Villager (Male) |
| 17:49 | Construir | Farm |
| 17:55 | Encolar | Villager (Male) |
| 17:59 | Encolar | Monk |
| 18:17 | Encolar | Villager (Male) |
| 18:34 | Encolar | Villager (Male) |
| 18:35 | Encolar | Villager (Male) |
| 18:37 | Encolar | Villager (Male) |
| 18:37 | Encolar | Villager (Male) |
| 18:49 | Encolar | Mangudai |
| 19:03 | Encolar | Mangudai |
| 19:11 | Encolar | Villager (Male) |
| 19:12 | Encolar | Villager (Male) |
| 19:14 | Encolar | Villager (Male) |
| 19:34 | Encolar | Mangudai |
| 19:55 | Encolar | Villager (Male) |
| 19:56 | Encolar | Villager (Male) |
| 19:58 | Encolar | Villager (Male) |
| 20:05 | Construir | Town Center |
| 20:13 | Encolar | Villager (Male) |
| 20:25 | Encolar | Villager (Male) |
| 20:25 | Encolar | Villager (Male) |
| 20:36 | Encolar | Villager (Male) |
| 20:46 | Construir | Farm |
| 20:46 | Construir | Farm |
| 20:46 | Construir | Farm |
| 20:47 | Construir | Farm |
| 20:47 | Construir | Farm |
| 20:47 | Construir | Farm |
| 20:59 | Construir | Farm |
| 21:08 | Encolar | Villager (Male) |
| 21:10 | Encolar | Villager (Male) |
| 22:00 | Encolar | Villager (Male) |
| 22:01 | Encolar | Villager (Male) |
| 22:02 | Encolar | Villager (Male) |
| 22:05 | Construir | Farm |
| 22:09 | Encolar | Mangudai |
| 22:09 | Encolar | Mangudai |
| 22:12 | Encolar | Monk |
| 22:38 | Encolar | Villager (Male) |
| 22:39 | Encolar | Villager (Male) |
| 22:39 | Encolar | Villager (Male) |
| 22:39 | Encolar | Villager (Male) |
| 22:40 | Encolar | Villager (Male) |
| 22:44 | Construir | Farm |
| 22:47 | Construir | Farm |
| 22:47 | Construir | Farm |
| 22:48 | Construir | Farm |
| 22:48 | Construir | Farm |
| 23:11 | Encolar | Villager (Male) |
| 23:11 | Encolar | Villager (Male) |
| 23:12 | Encolar | Villager (Male) |
| 23:15 | Construir | Farm |
| 23:22 | Construir | House |
| 23:22 | Construir | House |
| 23:23 | Construir | House |
| 23:23 | Construir | House |
| 23:23 | Construir | House |
| 23:45 | Construir | Farm |
| 23:49 | Construir | Farm |
| 23:49 | Construir | Farm |
| 23:55 | Construir | Farm |
| 24:00 | Investigar | Wheelbarrow |
| 24:00 | Investigar | Wheelbarrow |
| 24:02 | Investigar | Town Watch |
| 24:02 | Investigar | Town Watch |
| 24:03 | Investigar | Town Watch |
| 24:06 | Encolar | Villager (Male) |
| 24:06 | Encolar | Villager (Male) |
| 24:06 | Encolar | Villager (Male) |
| 24:06 | Encolar | Villager (Male) |
| 24:14 | Construir | Farm |
| 24:15 | Construir | Farm |
| 24:15 | Construir | Farm |
| 24:15 | Construir | Farm |
| 24:15 | Construir | Farm |
| 24:38 | Encolar | Villager (Male) |
Cronología de la partida
| 9:45 | 九思 · age_up feudal |
| 10:16 | onurC · first_building Barracks |
| 10:35 | 传奇耐电王汤恩伯 · age_up feudal |
| 11:00 | 优雅猫 · age_up feudal |
| 11:04 | onurC · age_up feudal |
| 11:18 | 鸡你泰美 · age_up feudal |
| 11:29 | aerogel · first_building Barracks |
| 11:42 | Dumbhill · age_up feudal |
| 11:52 | Fıstıkçı Şahap · age_up feudal |
| 12:05 | aerogel · age_up feudal |
| 12:52 | onurC · first_market_sell 100 stone |
| 13:16 | 九思 · age_up castle |
| 14:04 | 传奇耐电王汤恩伯 · first_market_sell 100 food |
| 14:06 | 传奇耐电王汤恩伯 · age_up castle |
| 14:11 | 优雅猫 · first_market_buy 100 food |
| 14:12 | onurC · first_building Stable |
| 14:12 | 传奇耐电王汤恩伯 · first_market_buy 100 stone |
| 14:32 | 传奇耐电王汤恩伯 · first_building Monastery |
| 14:36 | 优雅猫 · age_up castle |
| 14:59 | 鸡你泰美 · age_up castle |
| 15:10 | 传奇耐电王汤恩伯 · first_building Castle |
| 15:23 | Fıstıkçı Şahap · age_up castle |
| 15:34 | Fıstıkçı Şahap · first_building Monastery |
| 15:41 | Dumbhill · age_up castle |
| 15:54 | 九思 · first_market_buy 100 food |
| 16:25 | onurC · age_up castle |
| 16:37 | Dumbhill · first_building Monastery |
| 17:02 | aerogel · first_market_buy 100 food |
| 17:24 | 鸡你泰美 · first_market_buy 100 food |
| 17:42 | onurC · first_market_buy 100 wood |
| 17:58 | Fıstıkçı Şahap · first_market_buy 100 stone |
| 20:07 | 优雅猫 · first_building Monastery |
| 20:10 | 九思 · first_building Monastery |
| 20:19 | 优雅猫 · first_building Siege Workshop |
| 20:19 | aerogel · age_up castle |
| 20:26 | aerogel · first_building Castle |
| 21:29 | onurC · first_building Monastery |
| 21:44 | 优雅猫 · first_market_sell 100 wood |
| 21:56 | 鸡你泰美 · first_building Monastery |
| 21:59 | 优雅猫 · first_building Castle |
| 23:19 | Dumbhill · first_building Barracks |
| 23:19 | aerogel · first_building Siege Workshop |
| 23:24 | aerogel · first_building Stable |
| 23:28 | aerogel · first_building Archery Range |
| 24:08 | 九思 · first_building Barracks |
| 24:43 | Dumbhill · first_building Stable |
| 24:49 | onurC · first_building Castle |
| 24:56 | 九思 · first_building Stable |
| 25:44 | onurC · wall_segment Stone Wall x13 |
| 26:00 | Fıstıkçı Şahap · first_building Barracks |
| 26:08 | 鸡你泰美 · first_building Barracks |
| 26:12 | onurC · wall_segment Stone Wall x7 |
| 26:18 | Dumbhill · first_building Castle |
| 26:39 | 鸡你泰美 · first_building Castle |
| 26:41 | 九思 · first_building Castle |
| 27:28 | 鸡你泰美 · first_building Stable |
| 28:02 | 九思 · first_building Siege Workshop |
| 28:05 | aerogel · first_building Monastery |
| 28:07 | Fıstıkçı Şahap · first_building Siege Workshop |
| 28:09 | Fıstıkçı Şahap · first_building Archery Range |
| 28:15 | 九思 · age_up imperial |
| 28:44 | 传奇耐电王汤恩伯 · first_building Siege Workshop |
| 30:15 | 鸡你泰美 · age_up imperial |
| 30:59 | Fıstıkçı Şahap · first_building Castle |
| 31:02 | Fıstıkçı Şahap · age_up imperial |
| 31:19 | 优雅猫 · age_up imperial |
| 31:20 | 传奇耐电王汤恩伯 · age_up imperial |
| 32:06 | 优雅猫 · wall_segment Palisade Wall x4 |
| 32:40 | onurC · age_up imperial |
| 32:47 | Fıstıkçı Şahap · wall_segment Palisade Wall x1 |
| 32:49 | Fıstıkçı Şahap · wall_segment Palisade Wall x1 |
| 32:50 | Fıstıkçı Şahap · wall_segment Palisade Wall x1 |
| 32:51 | Fıstıkçı Şahap · wall_segment Palisade Wall x1 |
| 33:10 | 优雅猫 · first_building Barracks |
| 33:19 | 鸡你泰美 · first_building Siege Workshop |
| 33:37 | Dumbhill · age_up imperial |
| 34:30 | Fıstıkçı Şahap · first_building Stable |
| 36:42 | aerogel · wall_segment Palisade Wall x9 |
| 37:10 | Fıstıkçı Şahap · tribute_sent a jugador 2 |
| 37:10 | Fıstıkçı Şahap · tribute_sent a jugador 3 |
| 37:10 | Fıstıkçı Şahap · tribute_sent a jugador 4 |
| 37:10 | Fıstıkçı Şahap · tribute_sent a jugador 5 |
| 37:10 | Fıstıkçı Şahap · tribute_sent a jugador 6 |
| 37:10 | Fıstıkçı Şahap · tribute_sent a jugador 7 |
| 37:10 | Fıstıkçı Şahap · tribute_sent a jugador 8 |
| 37:12 | 传奇耐电王汤恩伯 · first_building Barracks |
| 37:14 | onurC · tribute_sent a jugador 1 |
| 37:14 | onurC · tribute_sent a jugador 2 |
| 37:14 | onurC · tribute_sent a jugador 3 |
| 37:14 | onurC · tribute_sent a jugador 4 |
| 37:14 | onurC · tribute_sent a jugador 5 |
| 37:14 | onurC · tribute_sent a jugador 6 |
| 37:14 | onurC · tribute_sent a jugador 8 |
| 37:38 | onurC · wall_segment Stone Wall x5 |
| 37:45 | onurC · wall_segment Stone Wall x1 |
| 38:40 | 传奇耐电王汤恩伯 · first_building Stable |
| 38:53 | 传奇耐电王汤恩伯 · first_building Archery Range |
| 40:20 | Dumbhill · first_building Archery Range |
| 41:09 | Dumbhill · first_market_sell 500 wood |
| 41:33 | onurC · wall_segment Stone Wall x2 |
| 41:36 | onurC · wall_segment Stone Wall x1 |
| 41:37 | onurC · wall_segment Stone Wall x1 |
| 42:32 | 九思 · first_market_sell 100 food |
| 42:58 | Fıstıkçı Şahap · resign |
[ ANÁLISIS IA · 1 CRÉDITO ]
¿Qué pasó realmente en esta partida?
Wolo.gg analiza cada decisión: build order, eco, micro, errores típicos por bracket. Análisis personalizado por WhatsApp o Discord en 30 segundos.
Guía civ
Polacos
Perfil
Jugador #25109672